PA
MT. VERNON BULLS @ SOUTH BEACH BLAZE
08/17/2029
 
TOP OF THE 1ST
Mt. Vernon Bulls batting - Pitching for South Beach Blaze : RHP Darren Minich
Pitching: RHP Darren Minich
Batting: SHB Toby Sutton 0-0: Ball
1-0: Ground out 4-3 (Groundball, 4)
Batting: RHB Orlando Hernández 0-0: Ground out 4-3 (Groundball, 4)
Batting: LHB Bartolo Sierra 0-0: Ball
1-0: Called Strike
1-1: Foul Ball, location: 2F
1-2: Ball
2-2: Strikes out swinging
Top of the 1st over - 0 runs, 0 hits, 0 errors, 0 left on base; Mt. Vernon 0 - South Beach 0
BOTTOM OF THE 1ST
South Beach Blaze batting - Pitching for Mt. Vernon Bulls : LHP Ken Borrego
Pitching: LHP Ken Borrego
Batting: RHB Harlan Peppers 0-0: Ball
1-0: Swinging Strike
1-1: Ball
2-1: SINGLE (Groundball, 56D)
Batting: RHB Greg Schiff 0-0: Ball
1-0: Swinging Strike
1-1: Foul Ball, location: 2F
1-2: Foul Ball, location: 2F
1-2: Strikes out swinging
Batting: LHB Sepulveda Zambrano 0-0: Called Strike
0-1: Foul Ball, location: 2F
0-2: Foul Ball, location: 2F
0-2: Foul Ball, location: 2F
0-2: Strikes out swinging
Batting: RHB Fortunato Rasquinha 0-0: Called Strike
0-1: Ball
1-1: Ball
2-1: Foul Ball, location: 2F
2-2: Strikes out swinging
Bottom of the 1st over - 0 runs, 1 hit, 0 errors, 1 left on base; Mt. Vernon 0 - South Beach 0
TOP OF THE 2ND
Mt. Vernon Bulls batting - Pitching for South Beach Blaze : RHP Darren Minich
Batting: RHB Chet Mathis 0-0: Foul Ball, location: 2F
0-1: Ball
1-1: Ball
2-1: Called Strike
2-2: Strikes out swinging
Batting: RHB Orlando Montejo 0-0: Foul Ball, location: 2F
0-1: Fly out, F7 (Flyball, 7)
Batting: RHB Jesse Francis 0-0: Fly out, F9 (Flyball, 89M)
Top of the 2nd over - 0 runs, 0 hits, 0 errors, 0 left on base; Mt. Vernon 0 - South Beach 0
BOTTOM OF THE 2ND
South Beach Blaze batting - Pitching for Mt. Vernon Bulls : LHP Ken Borrego
Batting: RHB Daniel Bertrand 0-0: Called Strike
0-1: Foul Ball, location: 2F
0-2: Ball
1-2: Fly out, F7 (Line Drive, 7LD)
Batting: RHB Giobbe Bastedo 0-0: Ball
1-0: Called Strike
1-1: Fly out, F5 (Line Drive, 56)
Batting: SHB Serious Lee 0-0: Ball
1-0: Ball
2-0: Ball
3-0: Called Strike
3-1: Base on Balls
Batting: RHB Ed Bowers 0-0: Called Strike
0-1: Ball
1-1: Called Strike
1-2: Foul Ball, location: 2F
1-2: Ball
2-2: Fly out, F9 (Flyball, 9LM)
Bottom of the 2nd over - 0 runs, 0 hits, 0 errors, 1 left on base; Mt. Vernon 0 - South Beach 0
TOP OF THE 3RD
Mt. Vernon Bulls batting - Pitching for South Beach Blaze : RHP Darren Minich
Batting: RHB Ryan Robbins 0-0: Ball
1-0: Foul Ball, location: 2F
1-1: Ball
2-1: Ball
3-1: Base on Balls
Batting: RHB Modesto González 0-0: Called Strike
Ryan Robbins is caught stealing 2nd base
0-1: Fly out, F8 (Flyball, 8LD)
Batting: RHB Rodrigo Chávez 0-0: Ball
1-0: Ball
2-0: Called Strike
2-1: Swinging Strike
2-2: Strikes out looking
Top of the 3rd over - 0 runs, 0 hits, 0 errors, 0 left on base; Mt. Vernon 0 - South Beach 0
BOTTOM OF THE 3RD
South Beach Blaze batting - Pitching for Mt. Vernon Bulls : LHP Ken Borrego
Batting: LHB Raymond Graham 0-0: Ball
1-0: Ball
2-0: Called Strike
2-1: Swinging Strike
2-2: Ball
3-2: SINGLE (Line Drive, 4MD)
Batting: RHB Harlan Peppers 0-0: Swinging Strike
0-1: Swinging Strike
0-2: Ball
1-2: Ball
2-2: Foul Ball, location: 2F
2-2: Fly out, F7 (Flyball, 78D)
Batting: RHB Greg Schiff 0-0: Ball
1-0: Ball
2-0: Ball
3-0: Called Strike
3-1: Base on Balls
Raymond Graham to second
Batting: LHB Sepulveda Zambrano 0-0: Fly out, F7 (Flyball, 7S)
Batting: RHB Fortunato Rasquinha 0-0: Ball
1-0: Foul Ball, location: 2F
1-1: Fly out, F5 (Popup, 15)
Bottom of the 3rd over - 0 runs, 1 hit, 0 errors, 2 left on base; Mt. Vernon 0 - South Beach 0
TOP OF THE 4TH
Mt. Vernon Bulls batting - Pitching for South Beach Blaze : RHP Darren Minich
Batting: SHB Toby Sutton 0-0: Ground out 6-3 (Groundball, 6M)
Batting: RHB Orlando Hernández 0-0: Called Strike
0-1: Foul Ball, location: 2F
0-2: Ball
1-2: Ball
2-2: Fly out, F9 (Flyball, 9S)
Batting: LHB Bartolo Sierra 0-0: Ball
1-0: Called Strike
1-1: Swinging Strike
1-2: Ground out 6-3 (Groundball, 6)
Top of the 4th over - 0 runs, 0 hits, 0 errors, 0 left on base; Mt. Vernon 0 - South Beach 0
BOTTOM OF THE 4TH
South Beach Blaze batting - Pitching for Mt. Vernon Bulls : LHP Ken Borrego
Batting: RHB Daniel Bertrand 0-0: Foul Ball, location: 2F
0-1: Ball
1-1: Foul Ball, location: 2F
1-2: Foul Ball, location: 2F
1-2: Ground out 4-3 (Groundball, 4)
Batting: RHB Giobbe Bastedo 0-0: Ground out 1-3 (Groundball, 15)
Batting: SHB Serious Lee 0-0: Swinging Strike
0-1: Ground out U3 (Groundball, 34)
Bottom of the 4th over - 0 runs, 0 hits, 0 errors, 0 left on base; Mt. Vernon 0 - South Beach 0
TOP OF THE 5TH
Mt. Vernon Bulls batting - Pitching for South Beach Blaze : RHP Darren Minich
Batting: RHB Chet Mathis 0-0: Ball
1-0: Ground out 5-3 (Groundball, 56S)
Batting: RHB Orlando Montejo 0-0: Fly out, F9 (Flyball, 9LS)
Batting: RHB Jesse Francis 0-0: Foul Ball, location: 2F
0-1: Ball
1-1: DOUBLE (Line Drive, 7LD)
Batting: RHB Ryan Robbins 0-0: Ball
1-0: Ball
2-0: Ball
3-0: Base on Balls
Batting: RHB Modesto González 0-0: SINGLE (Line Drive, 89S)
Jesse Francis to third
Ryan Robbins to second
Runner from 3rd tries for Home, SAFE, no throw
Batting: RHB Rodrigo Chávez 0-0: Ball
1-0: Foul Ball, location: 2F
1-1: Ground out 4-3 (Groundball, 4)
Top of the 5th over - 1 run, 2 hits, 0 errors, 2 left on base; Mt. Vernon 1 - South Beach 0
BOTTOM OF THE 5TH
South Beach Blaze batting - Pitching for Mt. Vernon Bulls : LHP Ken Borrego
Batting: RHB Ed Bowers 0-0: Ball
1-0: Foul Ball, location: 2F
1-1: Ball
2-1: Ball
3-1: Swinging Strike
3-2: Base on Balls
Batting: LHB Raymond Graham 0-0: Fly out, F9 (Flyball, 9D)
Batting: RHB Harlan Peppers 0-0: Called Strike
0-1: Ground out 5-3 (Groundball, 5S)
Ed Bowers to second
Batting: RHB Greg Schiff 0-0: Called Strike
0-1: Called Strike
0-2: Ball
1-2: Strikes out swinging
Bottom of the 5th over - 0 runs, 0 hits, 0 errors, 1 left on base; Mt. Vernon 1 - South Beach 0
TOP OF THE 6TH
Mt. Vernon Bulls batting - Pitching for South Beach Blaze : RHP Darren Minich
Batting: SHB Toby Sutton 0-0: Ball
1-0: Swinging Strike
1-1: Foul Ball, location: 2F
1-2: Foul Ball, location: 2F
1-2: Ball
2-2: Strikes out looking
Batting: RHB Orlando Hernández 0-0: Ball
1-0: Ball
2-0: Ball
3-0: Called Strike
3-1: Called Strike
3-2: DOUBLE (Groundball, 5L)
Batting: LHB Bartolo Sierra 0-0: Foul Ball, location: 2F
0-1: Ball
1-1: Foul Ball, location: 2F
1-2: Foul Ball, location: 2F
1-2: SINGLE (Line Drive, 6MD)
Orlando Hernández to third
Batting: RHB Chet Mathis 0-0: Ball
Bartolo Sierra is caught stealing 2nd base
1-0: Fly out, F8 (Flyball, 8LS)
Top of the 6th over - 0 runs, 2 hits, 0 errors, 1 left on base; Mt. Vernon 1 - South Beach 0
BOTTOM OF THE 6TH
South Beach Blaze batting - Pitching for Mt. Vernon Bulls : LHP Ken Borrego
Batting: LHB Sepulveda Zambrano 0-0: Ball
1-0: Ball
2-0: Fly out, F8 (Flyball, 78S)
Batting: RHB Fortunato Rasquinha 0-0: Ball
1-0: Swinging Strike
1-1: Called Strike
1-2: Strikes out swinging
Batting: RHB Daniel Bertrand 0-0: Ball
1-0: Swinging Strike
1-1: Swinging Strike
1-2: Ball
2-2: Ball
3-2: Strikes out swinging
Bottom of the 6th over - 0 runs, 0 hits, 0 errors, 0 left on base; Mt. Vernon 1 - South Beach 0
TOP OF THE 7TH
Mt. Vernon Bulls batting - Pitching for South Beach Blaze : RHP Darren Minich
Batting: RHB Orlando Montejo 0-0: Ball
1-0: Foul Ball, location: 2F
1-1: Ground out 6-3 (Groundball, 6)
Batting: RHB Jesse Francis 0-0: Called Strike
0-1: Ball
1-1: Swinging Strike
1-2: Ball
2-2: Ball
3-2: Strikes out swinging
Batting: RHB Ryan Robbins 0-0: Called Strike
0-1: Swinging Strike
0-2: Ball
1-2: Ball
2-2: Strikes out swinging
Top of the 7th over - 0 runs, 0 hits, 0 errors, 0 left on base; Mt. Vernon 1 - South Beach 0
BOTTOM OF THE 7TH
South Beach Blaze batting - Pitching for Mt. Vernon Bulls : LHP Ken Borrego
Batting: RHB Giobbe Bastedo 0-0: SINGLE (Flyball, 34D)
Batting: SHB Serious Lee 0-0: Ball
1-0: Ball
2-0: Called Strike
2-1: Called Strike
2-2: Strikes out swinging
Batting: RHB Ed Bowers 0-0: Fly out, F9 (Flyball, 9LS)
Batting: LHB Raymond Graham 0-0: Ball
1-0: Fly out, F6 (Line Drive, 56)
Bottom of the 7th over - 0 runs, 1 hit, 0 errors, 1 left on base; Mt. Vernon 1 - South Beach 0
TOP OF THE 8TH
Mt. Vernon Bulls batting - Pitching for South Beach Blaze : RHP Darren Minich
Batting: RHB Modesto González 0-0: Called Strike
0-1: Foul Ball, location: 2F
0-2: Foul Ball, location: 2F
0-2: Foul Ball, location: 2F
0-2: Fly out, F4 (Popup, 34)
Batting: RHB Rodrigo Chávez 0-0: Swinging Strike
0-1: Ball
1-1: Ball
2-1: Ball
3-1: SINGLE (Groundball, 5L) (infield hit)
Pinch Hitting: LHB Pablo Morales 0-0: Ball
Rodrigo Chávez steals 2nd base
1-0: Intentional Walk
Pinch Hitting: RHB Robby Arnold 0-0: Called Strike
0-1: Called Strike
0-2: Foul Ball, location: 2F
0-2: Ball
1-2: Grounds into double play, 4-6-3 (Groundball, 4)
Top of the 8th over - 0 runs, 1 hit, 0 errors, 1 left on base; Mt. Vernon 1 - South Beach 0
BOTTOM OF THE 8TH
South Beach Blaze batting - Pitching for Mt. Vernon Bulls : LHP Ken Borrego
Now at SS: Iván Soto
Now in RF: Pablo Morales
Batting: RHB Harlan Peppers 0-0: Foul Ball, location: 2F
0-1: Ball
1-1: Hit by Pitch
Pitching: RHP Curt Orser
Pinch Runner at 1st Yu-shu Kang:
Batting: RHB Greg Schiff 0-0: Sac Bunt - play at first, batter OUT! 1-4
Yu-shu Kang to second
Batting: LHB Sepulveda Zambrano 0-0: Fly out, F8 (Flyball, 8RM)
Batting: RHB Fortunato Rasquinha 0-0: Swinging Strike
0-1: Ball
Wild Pitch!
Yu-shu Kang to third
1-1: Ball
2-1: Swinging Strike
2-2: Strikes out looking
Bottom of the 8th over - 0 runs, 0 hits, 0 errors, 1 left on base; Mt. Vernon 1 - South Beach 0
TOP OF THE 9TH
Mt. Vernon Bulls batting - Pitching for South Beach Blaze : RHP Darren Minich
Now in RF: Yu-shu Kang
Batting: LHB Bartolo Sierra 0-0: SINGLE (Groundball, 25) (infield hit)
Batting: RHB Chet Mathis 0-0: Ball
1-0: Swinging Strike
1-1: Swinging Strike
1-2: Strikes out swinging
Batting: RHB Orlando Montejo 0-0: Swinging Strike
0-1: Ball
1-1: Called Strike
1-2: SINGLE (Groundball, 56D)
Bartolo Sierra to second
Batting: RHB Jesse Francis 0-0: Ball
1-0: Ball
2-0: Called Strike
2-1: Ball
3-1: Base on Balls
Bartolo Sierra to third
Orlando Montejo to second
Batting: RHB Ryan Robbins 0-0: Foul Ball, location: 2F
0-1: Ball
1-1: Ball
2-1: Ball
3-1: Foul Ball, location: 2F
3-2: Grounds into double play, 5-2-3 (Groundball, 56)
Top of the 9th over - 0 runs, 2 hits, 0 errors, 2 left on base; Mt. Vernon 1 - South Beach 0
BOTTOM OF THE 9TH
South Beach Blaze batting - Pitching for Mt. Vernon Bulls : RHP Curt Orser
Pitching: RHP Jeffery Prosser
Batting: RHB Daniel Bertrand 0-0: Called Strike
0-1: SINGLE (Flyball, 9LS)
Batting: RHB Giobbe Bastedo 0-0: Ball
1-0: Ball
2-0: Bunted foul
2-1: Sac Bunt - play at first, batter OUT! 1-4
Daniel Bertrand to second
Batting: SHB Serious Lee 0-0: Called Strike
0-1: Ball
1-1: Ball
2-1: Fly out, F7 (Flyball, 78D)
Pinch Hitting: LHB Marcel Escoda 0-0: Ball
1-0: Called Strike
1-1: Foul Ball, location: 2F
1-2: Ground out U3 (Groundball, 3)
Bottom of the 9th over - 0 runs, 1 hit, 0 errors, 1 left on base; Mt. Vernon 1 - South Beach 0
Tuesday, December 19th, 2017 - OOTP Baseball 18.8 Build 76